 Dungeon Crawl Stone Soup version 0.20-a0-229-ge6e0e65 (webtiles) character file.

95 AlphabetPasta the Shooter (level 4, 0/37 HPs)
             Began as a Centaur Arcane Marksman on Nov 29, 2016.
             Succumbed to an adder's poison
             ... on level 3 of the Dungeon.
             The game lasted 00:12:10 (2894 turns).

AlphabetPasta the Shooter (Centaur Arcane Marksman) Turns: 2894, Time: 00:12:11

Health: 0/37       AC:  6    Str: 14    XL:     4   Next: 40%
Magic:  5/5        EV:  9    Int: 12    God:
Gold:   64         SH:  0    Dex:  9    Spells: 2/5 levels left

rFire  + . .     SeeInvis .     (no weapon)
rCold  + . .     Gourm    .     e - +0 robe
rNeg   . . .     Faith    .     (no shield)
rPois  +         Spirit   .     g - +0 helmet
rElec  +         Reflect  .     m - +0 cloak
rCorr  +         Harm     .     (no gloves)
MR     .....                    (no barding)
Stlth  +.........               (no amulet)
                                (no ring)
                                (no ring)

@: lethally poisoned (0 -> -2), resistant, very quick
A: hooves 3, deformed body, speed 2, tough skin 3
a: no special abilities


You were on level 3 of the Dungeon.
You were hungry.

You visited 1 branch of the dungeon, and saw 3 of its levels.

You collected 64 gold pieces.

Inventory:

Hand Weapons
 b - a +0 shortbow
Armour
 e - a +0 robe (worn)
 g - a +0 helmet (worn)
 m - a +0 cloak (worn)
 n - a cursed +0 ring mail
Scrolls
 i - a scroll of magic mapping
 k - a scroll of identify
Potions
 l - a potion of resistance
Books
 c - a book of Debilitation

   Spells                             Type                      Level
   a - Corona                         Hexes                        1
   b - Slow                           Hexes                        2
   c - Gell's Gravitas                Hexes/Translocation          3
   d - Inner Flame                    Hexes/Fire                   3
   e - Cause Fear                     Hexes                        4
   f - Leda's Liquefaction            Hexes/Earth                  4
Comestibles
 a - 5 chunks of flesh
 f - 4 bread rations
 j - 2 meat rations


   Skills:
 + Level 2.4 Fighting
 * Level 4.7 Bows
 - Level 1.3 Dodging
 + Level 1.2 Spellcasting
 - Level 3.1 Hexes


You had 2 spell levels left.
You knew the following spells:

 Your Spells              Type           Power        Failure   Level  Hunger
a - Corona                Hex            #......      12%         1    ##.....
b - Slow                  Hex            #.......     14%         2    ###....


Dungeon Overview and Level Annotations

Branches:
Dungeon (3/15)

Altars:
Ashenzari

Annotations:
D:2 Grinder


Innate Abilities, Weirdness & Mutations

You have hooves in place of feet.
Armour fits poorly on your strangely shaped body.
You cover ground very quickly.
You have extremely tough skin. (AC +3)


Message History

* * * LOW HITPOINT WARNING * * *
You completely miss the adder.
The adder is moderately wounded.
You feel sick. The adder bites you but does no damage.
The adder barely misses you.
As you read the scroll labeled OKLORU SANKOSCH, it crumbles to dust.
You feel aware of your surroundings.
You sensed 2 altars.
It was a scroll of magic mapping.
The adder closely misses you.
You hit the adder.
The adder is heavily wounded.
The adder bites you but does no damage.
You miss the adder.
The adder is heavily wounded.
The adder bites you.
* * * LOW HITPOINT WARNING * * *
The adder bites you.
* * * LOW HITPOINT WARNING * * *
You miss the adder. You kick the adder.
The adder is severely wounded.
You die...

*,**.S*******,######.......#
***,,,..*,,,,,*,.....>.......#
**,,,,##.*,,,,,#.,*****#.#*****
,,>#.##..*,,,,,*...* ##)#
,,.o.....###****,..# #..#
,,#..o...(.#####*#.# #..#
**##.#####.....# #.####..##
,,,*,*,,,#.....###........#
,,,***,,,#(...)S@.......#.#
,,,,,,,,,#.....##....)..#<###
********##..(..###.....##...#****
,,,,,,...............[..........#
******####......................#
,,,,,..P.#...............#####..#
,,,**#PP,#...............#...#..#
,,,*,*.,,######..........#P..#..#
****,***** #...####...#...#...


You could see an adder.

Vanquished Creatures
  3 adders
  2 dart slugs
  A leopard gecko (D:2)
  4 orcs (D:3)
  2 giant cockroaches (D:1)
  11 goblins
  4 hobgoblins
  4 jackals
  4 bats
  5 frilled lizards
  9 kobolds
  12 rats
  A plant (D:1)
62 creatures vanquished.

Notes
Turn   | Place    | Note
-------+----------+-------------------------------------------
     0 | D:1      | AlphabetPasta the Centaur Arcane Marksman began the quest for the Orb.
     0 | D:1      | Reached XP level 1. HP: 16/16 MP: 2/2
   402 | D:1      | Reached XP level 2. HP: 23/23 MP: 3/3
   409 | D:1      | Learned a level 2 spell: Slow
   466 | D:1      | Reached skill level 3 in Bows
  1408 | D:2      | Found a shattered altar of Ashenzari.
  1468 | D:2      | Reached XP level 3. HP: 29/29 MP: 4/4
  1731 | D:2      | Reached skill level 4 in Bows
  2528 | D:3      | Noticed Grinder
  2535 | D:2      | Reached XP level 4. HP: 29/36 MP: 5/5
  2893 | D:3      | HP: 1/37 [adder (3)]
  2894 | D:3      | Succumbed to an adder's poison

Vault maps used:
D:1:      dpeg_arrival_stone_temple_mockup, serial_bayou, serial_bayou_pond_e,
          serial_bayou_lagoon_a, serial_bayou_pond_c, serial_bayou_pond_c
D:2:      ashenzari_conservatory_becter, first_bread, kennysheep_generic_room_13
D:3:      nemelex_altar_shiori, nicolae_dithmenos_through_a_glass_darkly,
          serial_aquarium, aquarium_bridge_island_small,
          aquarium_bridge_straight, aquarium_window_corridor_1,
          aquarium_window_fake, aquarium_window_1, aquarium_view_2b,
          aquarium_view_2e, aquarium_balcony_3a, aquarium_pool_2, uniq_grinder

Skill      XL: |  1  2  3 |
---------------+----------+-----
Bows           | 3 4 |  4.7
Hexes          | 3 |  3.1
Fighting       | 2 |  2.4
Dodging        | |  1.3
Spellcasting   | |  1.2

Action                   |  1- 3 |  4- 6 || total
-------------------------+-------+-------++-------
Melee: Unarmed           |   268 |    97 ||   365
       Kick              |    79 |    21 ||   100
 Fire: Shortbow          |    92 |    12 ||   104
  Use: Scroll            |     4 |     1 ||     5
       Potion            |     3 |     2 ||     5
  Eat: Chunk             |     4 |     1 ||     5
Armor: Robe              |    39 |    48 ||    87
Dodge: Dodged            |    55 |    49 ||   104
